 Dungeon Crawl Stone Soup version 0.28-a0-998-gb9e9c7b67e (webtiles) character file.

Game seed: 6443700956884382193

1342 r3xj the Slasher (level 8, -2/73 HPs)
             Began as a Minotaur Berserker on Dec 6, 2021.
             Was a Priest of Trog.
             Killed from afar by a steam dragon (18 damage)
             ... with a ball of steam
             ... on level 6 of the Dungeon.
             The game lasted 00:12:02 (7157 turns).

r3xj the Slasher (Minotaur Berserker)               Turns: 7157, Time: 00:12:07

Health: -2/73      AC:  9    Str: 21    XL:     8   Next: 35%
Magic:  16/16      EV: 12    Int:  4    God:    Trog [***...]
Gold:   320        SH:  0    Dex: 13    Spells: 7/7 levels left

rFire   . . .      SeeInvis .   a - +0 falchion
rCold   . . .      Faith    .   (no shield)
rNeg    . . .      Spirit   .   e - +0 scale mail
rPois   .          Reflect  .   (helmet restricted)
rElec   .          Harm     .   k - +0 cloak
rCorr   .          Rampage  .   (no gloves)
Will    .....                   (no boots)
Stlth   ..........              (no amulet)
HPRegen 0.22/turn               d - ring of magical power
MPRegen 0.15/turn               (no ring)

@: no status effects
A: horns 2, retaliatory headbutt
a: Renounce Religion, Berserk, Trog's Hand


You were on level 6 of the Dungeon.
You worshipped Trog.
Trog was most pleased with you.
You visited 2 branches of the dungeon, and saw 7 of its levels.

You collected 320 gold pieces.

Inventory:

Hand Weapons
 a - a +0 falchion (weapon)
 b - a +1 hunting sling of freezing
 f - a +0 war axe
 l - a +0 rapier of electrocution
 r - a +0 morningstar
 u - a +0 vampiric short sword
Missiles
 g - 128 stones (quivered)
 m - 76 sling bullets
 y - a curare-tipped dart
Armour
 e - a +0 scale mail (worn)
 k - a +0 cloak (worn)
 x - a +0 cloak
Jewellery
 d - a ring of magical power (left hand)
 s - a ring of ice
Scrolls
 c - 4 scrolls of teleportation {unknown}
 h - 4 scrolls of identify {unknown}
 i - 4 scrolls of noise {unknown}
 o - 2 scrolls of fear {unknown}
 q - a scroll of magic mapping {unknown}
 t - a scroll of enchant armour {unknown}
 w - a scroll of blinking {unknown}
Potions
 j - a potion of curing {unknown}
 n - a potion of brilliance {unknown}
 p - 2 potions of haste {unknown}
 v - 2 potions of heal wounds {unknown}
 z - a potion of invisibility {unknown}


   Skills:
 + Level 7.1 Fighting
 + Level 7.1 Long Blades
 + Level 6.5 Armour
 + Level 5.9 Dodging


You had 7 spell levels left.
You didn't know any spells.
Your spell library was empty.

Dungeon Overview and Level Annotations

Branches:
Dungeon (6/15)             Temple (1/1) D:5

Altars:
Ashenzari
Cheibriados
Dithmenos
Elyvilon
Fedhas
Gozag
Hepliaklqana
Kikubaaqudgha
Makhleb
Nemelex Xobeh
Okawaru
Qazlal
Ru
Sif Muna
Trog
Uskayaw
Vehumet
Wu Jian
Xom
Yredelemnul
The Shining One

Annotations:
D:4 1 runed translucent door, elongatedgoose's ghost, amateur DrAK


Innate Abilities, Weirdness & Mutations

You have a pair of horns on your head.
You reflexively headbutt those who attack you in melee.


Message History

You are engulfed in a cloud of scalding steam.
The bush is engulfed in a cloud of scalding steam.
You see here a silvery potion.
z - a silvery potion You are engulfed in a cloud of scalding steam.
The bush is engulfed in a cloud of scalding steam. x3
The steam dragon misses you.
The steam dragon claws you but does no damage.
You slash the steam dragon!
The steam dragon is moderately wounded.
The steam dragon breathes steam at you. The ball of steam misses you.
You hit the steam dragon.
The steam dragon is moderately wounded.
The steam dragon bites you. The steam dragon closely misses you.
You hit the steam dragon. Your headbutt misses the steam dragon.
The steam dragon is moderately wounded.
The steam dragon breathes steam at you. The ball of steam hits you!!
You hit the steam dragon but do no damage.
The steam dragon is moderately wounded.
You are engulfed in a cloud of scalding steam.
The steam dragon bites you!
The steam dragon claws you but does no damage.
You are too injured to fight recklessly!
You are too injured to fight recklessly!
You are too injured to fight recklessly!
You hit the steam dragon but do no damage.
You headbutt the steam dragon.
The steam dragon is heavily wounded.
You are engulfed in a cloud of scalding steam.
* * * LOW HITPOINT WARNING * * *
You barely miss the steam dragon.
The steam dragon is heavily wounded.
You are engulfed in a cloud of scalding steam.
* * * LOW HITPOINT WARNING * * *
The bush is engulfed in a cloud of scalding steam.
The steam dragon breathes steam at you. The ball of steam hits you!!
You die... .........# .. ##.......... ........## #....### #........<.) ......######...... ............ .................. ............ ..............PP.P PPP...........

......♣#)#♣...PP.PPPPP...###.####
......##.##.....PPPP.P...# ###
......+...+...§.PPP..P...#
......##.##...§D@........#
..##..♣#+#♣...§§.........# ..
.... PP....§........## # ....
PP..P.....P....#
.P.PPPP....P....#
............P...#
.......=.8..P...#
............PP..#
.PPP..P....PP..# ######


You could see a steam dragon (catching breath).

Vanquished Creatures
  Grinder (D:4)
  An ice beast (D:5)
  A black bear (D:5)
  2 ogres
  A kobold brigand (D:5)
  2 scorpions
  A water moccasin zombie (D:5)
  A centaur zombie (D:6)
  A bullfrog zombie (D:6)
  An orc priest (D:5)
  2 hounds
  A jelly (D:4)
  A bullfrog skeleton (D:5)
  A centaur skeleton (D:6)
  An iguana (D:5)
  An orc wizard (D:5)
  Robin (D:3)
  7 gnolls
  6 adders
  2 white imps (D:6)
  An adder skeleton (D:4)
  3 worms
  5 dart slugs
  5 orcs
  4 ball pythons
  6 bats
  7 endoplasms
  6 giant cockroaches
  12 hobgoblins
  10 jackals
  10 kobolds
  3 quokkas
  2 frilled lizards (D:2)
  11 goblins
  6 rats
126 creatures vanquished.

Notes
Turn   | Place    | Note
-------+----------+-------------------------------------------
     0 | D:1      | r3xj the Minotaur Berserker began the quest for the Orb.
     0 | D:1      | Reached XP level 1. HP: 19/19 MP: 0/0
   214 | D:1      | Reached XP level 2. HP: 27/27 MP: 1/1
   790 | D:1      | Reached XP level 3. HP: 24/33 MP: 2/2
   993 | D:1      | Reached ** piety under Trog
  1368 | D:2      | Found a faded altar of an unknown god.
  1918 | D:2      | Reached XP level 4. HP: 41/41 MP: 3/3
  2816 | D:3      | Noticed Robin
  2830 | D:3      | Reached *** piety under Trog
  2838 | D:3      | Killed Robin
  3015 | D:3      | Reached XP level 5. HP: 47/47 MP: 4/4
  3574 | D:4      | Noticed Grinder
  3846 | D:4      | Killed Grinder
  3847 | D:4      | Reached skill level 5 in Fighting
  3847 | D:4      | Reached skill level 5 in Long Blades
  3847 | D:4      | Reached XP level 6. HP: 19/56 MP: 5/5
  4167 | D:4      | Noticed elongatedgoose's ghost (amateur DrAK)
  4171 | D:4      | Found a runed translucent door.
  4874 | D:5      | Entered Level 5 of the Dungeon
  5047 | D:5      | Reached skill level 5 in Armour
  5047 | D:5      | Reached XP level 7. HP: 52/62 MP: 6/6
  5583 | D:5      | Reached skill level 5 in Dodging
  5689 | D:5      | Found a staircase to the Ecumenical Temple.
  6238 | D:5      | Reached XP level 8. HP: 50/71 MP: 7/7
  6420 | Temple   | Entered the Ecumenical Temple
  7157 | D:6      | Killed from afar by a steam dragon

Illustrated notes

Levels and vault maps discovered:
D:1:      lemuel_arrival_funnel, layout_basic
D:2:      layout_loops_corners, chequers_ecumenical_altar_simple_redux
D:3:      layout_basic, uniq_robin
D:4:      layout_cave_pods, hellmonk_ghost_happy_afterlife, serial_column_ruins,
          column_ruins_pillar_10, column_ruins_pillar_6, column_ruins_pillar_1,
          column_ruins_pillar_6, column_ruins_pillar_7, column_ruins_pillar_1,
          column_ruins_pillar_4, column_ruins_pillar_11, column_ruins_pillar_7,
          column_ruins_pillar_4, column_ruins_pillar_9, column_ruins_pillar_1,
          column_ruins_pillar_6, uniq_grinder
D:5:      layout_basic, minmay_temple_entry_hall
D:6:      layout_cave_pods, serial_park, serial_park_paths
          [serial_park_minivault_5x5_3], serial_park_square3
          [serial_park_minivault_5x5_3], serial_park_square3
          [serial_park_minivault_5x5_6], minmay_fractal_squares_gapless_5
Temple:   compressed_dpeg_triangle_lava_temple

Skill      XL: |  1  2  3  4  5  6  7  8 |
---------------+-------------------------+-----
Fighting       | 4 5 6 7 |  7.1
Long Blades    | 4 5 6 7 |  7.1
Armour         | 3 4 5 6 |  6.5
Dodging        | 3 4 5 |  5.9

Action                   |  1- 3 |  4- 6 |  7- 9 || total
-------------------------+-------+-------+-------++-------
Melee: Falchion          |    78 |   105 |   129 ||   312
       Headbutt          |    13 |    15 |    28 ||    56
 Fire: Hunting sling     |       |     8 |       ||     8
Armor: Animal skin       |     4 |       |       ||     4
       Scale mail        |     8 |    41 |    55 ||   104
Dodge: Dodged            |    44 |    66 |    84 ||   194

Table legend: (Time is in decaauts)
 A = Elapsed time spent in this place.
 B = Non-inter-level travel time spent in this place.
 C = Inter-level travel time spent in this place.
 D = Time resting spent in this place.
 E = Time spent auto-exploring this place.
 F = Levels seen in this place.
 G = Mean time per level.
                   A        B        C        D        E       F      G
               +--------+--------+--------+--------+--------+-----+--------+
         Total |   7173 |   6494 |    679 |    833 |   4758 |   7 | 1024.7 |
       Dungeon |   6858 |   6193 |    665 |    833 |   4472 |   6 | 1143.0 |
        Temple |    314 |    300 |     14 |      0 |    286 |   1 |  314.0 |
               +--------+--------+--------+--------+--------+-----+--------+

Top non-repeatable levels by time:
     D:5: 1711 daAuts
     D:1: 1359 daAuts
     D:4: 1279 daAuts
     D:2: 1262 daAuts
     D:3: 1070 daAuts
  Temple: 314 daAuts
     D:6: 176 daAuts
